 Dungeon Crawl Stone Soup version 0.24.1-14-gf8d2b509d9 (webtiles) character file.

Game seed: 2618364165443397169, levelgen mode: deterministic

2249 Mrkz the Covert (level 9, -1/67 HPs)
             Began as a Spriggan Assassin on Oct 17, 2022.
             Was a Follower of Dithmenos.
             Slain by a manticore (9 damage)
             ... on level 7 of the Dungeon.
             The game lasted 00:20:11 (7557 turns).

Mrkz the Covert (Spriggan Assassin)                 Turns: 7557, Time: 00:20:12

Health: -1/67      AC: 24    Str:  7    XL:     9   Next: 15%
Magic:  10/10      EV:  4    Int: 13    God:    Dithmenos [*.....]
Gold:   292        SH:  0    Dex: 22    Spells: 8/8 levels left

rFire    . . .     SeeInvis +   r - +5 short sword
rCold    . . .     Gourm    .   (shield restricted)
rNeg     + + +     Faith    .   (armour currently unavailable)
rPois    +         Spirit   .   (helmet currently unavailable)
rElec    .         Reflect  +   (cloak currently unavailable)
rCorr    .         Harm     .   (gloves unavailable)
MR       ++...     NoTele   +   (boots unavailable)
Stlth    ++........             g - +3 amulet of reflection
HPRegen  0.21/turn              y - +2 ring of dexterity
MPRegen  0.12/turn              s - ring of protection from magic

@: confused, tree-form, wreathed by umbra
A: very small, unfitting armour, see invisible, herbivore, slow metabolism 2
a: Renounce Religion


You were on level 7 of the Dungeon.
You worshipped Dithmenos.
Dithmenos was aware of your devotion.
You were not hungry.
You were a tree.
You visited 2 branches of the dungeon, and saw 8 of its levels.

You collected 292 gold pieces.

Inventory:

Hand Weapons
 a - a +2 dagger
 r - a +5 short sword (weapon)
Missiles
 j - a poisoned dart
 n - 2 silver boomerangs (quivered)
Armour
 b - a +0 robe (melded)
 c - a +0 cloak (melded)
Jewellery
 g - a +3 amulet of reflection (around neck)
 l - an uncursed ring of resist corrosion
 s - a ring of protection from magic (right branch)
 y - a +2 ring of dexterity (left branch)
Wands
 o - a wand of flame (16)
 z - a wand of polymorph (9)
Scrolls
 p - 3 scrolls of teleportation
 q - a scroll of fear
 u - a scroll of enchant armour {unknown}
 A - a scroll of remove curse
 C - 2 scrolls of identify
Potions
 d - a potion of brilliance
 e - a potion of lignification
 h - a potion of resistance
 i - a potion of mutation {unknown}
 k - 4 potions of curing
 m - 2 potions of cancellation
 t - a potion of haste {unknown}
 w - a potion of might {unknown}
Comestibles
 f - 10 rations


   Skills:
 * Level 3.9 Fighting
 * Level 8.4 Short Blades
 + Level 4.2 Throwing
 * Level 6.3 Dodging
 * Level 11.2 Stealth


You had 8 spell levels left.
You didn't know any spells.
Your spell library contained the following spells:

 Spells                   Type           Power        Failure   Level  Hunger
 Flame Tongue             Conj/Fire      #....        30%         1    ##.....
 Throw Flame              Conj/Fire      #.....       43%         2    ###....
 Conjure Flame            Conj/Fire      #.......     67%         3    ####...
 Inner Flame              Hex/Fire       #.......     67%         3    ####...
 Sticky Flame             Conj/Fire      #.......     97%         4    #####..
 Fireball                 Conj/Fire      #.........   100%        5    ######.


Dungeon Overview and Level Annotations

Branches:
Dungeon (7/15)             Temple (1/1) D:6

Altars:
Ashenzari
Cheibriados
Dithmenos
Elyvilon
Fedhas
Gozag
Hepliaklqana
Kikubaaqudgha
Makhleb
Nemelex Xobeh
Okawaru
Ru
Sif Muna
Trog
Uskayaw
Vehumet
Wu Jian
Xom
Yredelemnul
Zin
The Shining One

Shops:
D:7 :

Annotations:
D:7 1 runed translucent door, Crazy Yiuf


Innate Abilities, Weirdness & Mutations

You are very small and have problems with some larger weapons.
You are too small for most types of armour.
You have supernaturally acute eyesight. (SInv)
You are a herbivore.
((You cover ground extremely quickly.))
You need to consume almost no food.


Message History

The manticore bites you but does no damage.
The manticore claws you but does no damage.
You block the manticore's attack.
You hit the manticore.
The manticore is moderately wounded.
You hit the manticore.
The manticore is moderately wounded.
The manticore bites you!
* * * LOW HITPOINT WARNING * * *
The manticore barely misses you.
The manticore claws you but does no damage.
You hit the manticore.
The manticore is moderately wounded.
The manticore bites you but does no damage.
The manticore claws you.
* * * LOW HITPOINT WARNING * * *
The manticore claws you but does no damage.
You are confused.
You feel invigorated. The manticore bites you!
You die...

#.........#......'
#.........#..>...#
#...##...##...###
########...##...##...##
.........!............#
......................#
.......>..............#
......)...............#
.⌠.....♣..............#
∩.....H...............#
.⌠....................#
#######################


You could see a manticore.

Vanquished Creatures
  A troll (D:4)
  A hungry ghost (D:7)
  An orc warrior (D:6)
  A sky beast (D:6)
  A black bear (D:3)
  3 ogres
  2 centaurs
  A big kobold (D:5)
  A bullfrog (D:6)
  2 scorpions
  2 howler monkeys (D:5)
  A crimson imp (D:7)
  A jelly (D:7)
  5 orc priests
  2 hounds (D:6)
  10 orc wizards
  2 centaur skeletons
  5 worker ants
  A hound skeleton (D:7)
  3 gnolls (D:3)
  3 howler monkey skeletons
  2 adders
  A shadow imp (D:5)
  An ooze (D:2)
  An adder zombie (D:6)
  3 adder skeletons
  A dart slug (D:2)
  A worm (D:2)
  2 leopard geckos
  17 orcs
  3 giant cockroaches
  7 goblins
  9 hobgoblins
  5 jackals
  7 quokkas
  2 ball pythons
  A ball python skeleton (D:4)
  9 bats
  2 frilled lizards (D:2)
  A jackal zombie (D:6)
  10 kobolds
  A leopard gecko zombie (D:5)
  A quokka zombie (D:2)
  5 rats
141 creatures vanquished.

Notes
Turn   | Place    | Note
-------+----------+-------------------------------------------
     0 | D:1      | Mrkz the Spriggan Assassin began the quest for the Orb.
     0 | D:1      | Reached XP level 1. HP: 10/10 MP: 2/2
   111 | D:1      | Reached skill level 6 in Stealth
   217 | D:1      | Reached XP level 2. HP: 11/14 MP: 3/3
   736 | D:2      | Reached XP level 3. HP: 18/18 MP: 4/4
  1001 | D:2      | Reached skill level 7 in Stealth
  1386 | D:3      | Reached XP level 4. HP: 23/23 MP: 5/5
  1971 | D:3      | Reached XP level 5. HP: 26/26 MP: 6/6
  2040 | D:3      | Noticed a black bear
  2075 | D:3      | Killed a black bear
  2075 | D:3      | Reached skill level 8 in Stealth
  2507 | D:3      | Reached XP level 6. HP: 24/30 MP: 7/7
  2641 | D:3      | Found a sparkling altar of Nemelex Xobeh.
  3032 | D:4      | Noticed a troll
  3035 | D:4      | Killed a troll
  3233 | D:4      | Reached skill level 5 in Short Blades
  3233 | D:4      | Reached XP level 7. HP: 35/35 MP: 8/8
  3300 | D:4      | Reached skill level 9 in Stealth
  3931 | D:5      | Entered Level 5 of the Dungeon
  3962 | D:5      | Found an iron altar of Okawaru.
  4503 | D:5      | Reached XP level 8. HP: 39/40 MP: 9/9
  5010 | D:5      | Reached skill level 10 in Stealth
  5138 | D:6      | Found a staircase to the Ecumenical Temple.
  5147 | Temple   | Entered the Ecumenical Temple
  5219 | Temple   | Became a worshipper of Dithmenos the Shadowed
  5407 | D:6      | Reached skill level 5 in Dodging
  6563 | D:7      | Found a glowing silver altar of Zin.
  6566 | D:7      | Noticed an angel
  6569 | D:7      | Found a shimmering altar of Xom.
  6877 | D:7      | Reached skill level 11 in Stealth
  6883 | D:7      | Reached XP level 9. HP: 40/45 MP: 10/10
  7177 | D:7      | Found a runed translucent door.
  7178 | D:7      | Noticed Crazy Yiuf
  7228 | D:7      | Reached * piety under Dithmenos
  7468 | D:7      | Found an ancient bone altar of Kikubaaqudgha.
  7537 | D:7      | Noticed a manticore
  7543 | D:7      | Found Jesiaq's Book Emporium.
  7557 | D:7      | Slain by a manticore

Levels and vault maps discovered:
D:1:      dpeg_arrival_solitude, layout_basic
D:2:      layout_rooms, serial_undead, serial_undead_f, serial_undead_e,
          serial_undead_f, serial_undead_d
D:3:      layout_basic, first_ration, nemelex_xobeh_ov_fountains_minmay
D:4:      layout_basic, minmay_small_thing
D:5:      layout_cave_pools, basic_altar, kennysheep_generic_room_9
D:6:      layout_gridville, temple_fountains, hangedman_abyss_or_decor_stabs
D:7:      layout_gridville, kennysheep_little_box,
          grunt_temple_overflow_order_and_chaos_1, serial_shops, shop_fountains,
          uniq_crazy_yiuf_cottage
Temple:   dpeg_five_rooms_temple

Skill      XL: |  1  2  3  4  5  6  7  8 |
---------------+-------------------------+-----
Stealth        | 6 7 8 9 11 | 11.2
Dodging        | 2 3 4 6 |  6.3
Fighting       | 2 3 |  3.9
Short Blades   | 3 4 5 6 8 |  8.4
Throwing       | 3 4 |  4.2

Action                   |  1- 3 |  4- 6 |  7- 9 || total
-------------------------+-------+-------+-------++-------
Melee: Dagger            |   102 |    72 |       ||   174
       Short sword       |       |    25 |   280 ||   305
Throw: Dart              |    24 |    28 |    23 ||    75
       Boomerang         |     1 |     4 |    21 ||    26
  Use: Scroll            |     1 |       |    12 ||    13
       Potion            |       |       |     2 ||     2
 Stab: Sleeping          |    16 |     9 |    10 ||    35
       Distracted        |       |       |     1 ||     1
  Eat: Ration            |       |       |     2 ||     2
Armor: Robe              |     8 |    10 |    12 ||    30
       Skin              |       |       |     7 ||     7
Dodge: Dodged            |    62 |    52 |   172 ||   286
Block: Other             |     7 |    10 |    30 ||    47
